 Dungeon Sprint DCSS version 0.31-a0-460-g9e667d4245 (webtiles) character file.

Game seed: 654183800527776093

12 rocky1 the Changeling (level 2, -2/18 HPs)
             Began as an Octopode Shapeshifter on Aug 5, 2023.
             Slain by an orc
             ... wielding a +0 trident
              (9 damage)
             ... in the Dungeon (Sprint IX: "|||||||||||||||||||||||||||||").
             The game lasted 00:00:09 (126 turns).

rocky1 the Changeling (Octopode Shapeshifter)        Turns: 126, Time: 00:00:11

Health: -2/18      AC:  1    Str: 14    XL:     2   Next: 33%
Magic:  2/2        EV: 13    Int: 10    God:
Gold:   0          SH:  0    Dex: 12    Spells: 1/1 levels left

rFire   . .          .
                       - Unarmed
rCold   . . .        (no shield)
rNeg    . . .        (helmet currently unavailable)
rPois   .            (no amulet)
rElec   .            (no ring)
rCorr   .            (no ring)
SInv    .            (no ring)
Will    .....        (no ring)
Stlth   ++           (no ring)
HPRegen 0.23/turn    (no ring)
MPRegen 0.08/turn    (no ring)
                     (no ring)

%: no teleportation
@: beast-form
A: beast (slay +2), almost no armour, amphibious, 8 rings, camouflage 1,
gelatinous body 1, (nimble swimmer 1), tentacles
a: Begin Untransformation


You were in the Dungeon.
You were a hulking beast.
You visited 1 branch

Inventory:

Talismans
 b - a beast talisman (active)
Scrolls
 h - a scroll of blinking
Potions
 a - a potion of lignification
 c - a potion of curing
 e - a potion of haste
 f - 2 potions of magic
 g - a potion of berserk rage


   Skills:
 + Level 1.0 Fighting
 + Level 2.4 Dodging
 + Level 3.8 Unarmed Combat
 + Level 4.2 Shapeshifting


You had one spell level left.
You didn't know any spells.
Your spell library was empty.

Dungeon Overview and Level Annotations

Branches:
Dungeon (1/1)

Altars:


Innate Abilities, Weirdness & Mutations

You are a hulking beast.
Your limbs bulge with bestial killing power. (Slay +2)
You cannot wear most types of armour.
You are amphibious.
You can wear up to eight rings at the same time.
Your skin changes colour to match your surroundings (Stealth+).
Your rubbery body absorbs attacks. (AC +1, EV +1)
((You are camouflaged when in or above water. (Stealth+)))
You have tentacles for arms and can constrict up to eight enemies at once.


Message History

You tentacle-slap the hobgoblin.
You kill the hobgoblin!
You closely miss the jackal. Your grab misses the jackal.
The jackal barely misses you. The jackal closely misses you.
You bludgeon the jackal!
You kill the jackal!
Things that are here:
a jackal corpse; a hobgoblin corpse You start waiting.
Done waiting.
As you open the door, it creaks loudly!
A white imp, a black bear, an orc, a worm and a jelly come into view.
The white imp shouts, "Slither away, thou canting ruttish nothing!"
The black bear growls angrily.
The orc shouts!
You closely miss the white imp. You grab the white imp.
You constrict the white imp, but do no damage.
The white imp gestures at you. The puff of frost hits you!
Ouch! That really hurt!
* * * LOW HITPOINT WARNING * * *
Unknown command.
You feel much better.
You constrict the white imp, but do no damage.
The white imp hits you but does no damage.
You tentacle-slap the white imp but do no damage.
You squeeze the white imp!
You kill the white imp!
Your Shapeshifting skill increases to level 4!
You have reached level 2!
Unknown command.
You barely miss the black bear. Your grab misses the black bear.
The black bear bites you. The black bear claws you. x2
You tentacle-slap the black bear. You grab the black bear.
The black bear is lightly wounded.
You constrict the black bear. The black bear barely misses you.
The black bear misses you.
The black bear claws you but does no damage.
The orc hits you from afar with a +0 trident!
Ouch! That really hurt!
You die...

▓.▓
▓.▓
▓.▓
▓'▓
▓)▓
▓†▓
▓.▓
▓.▓
▓h▓
▓h▓
▓o▓
▓.▓
▓w▓
▓J▓
▓.▓
▓+▓


You could see a black bear, a worm, a jelly and an orc.

Vanquished Creatures
  A white imp (D)
  A giant cockroach (D)
  A hobgoblin (D)
  A jackal (D)
  A kobold (D)
  A rat (D)
6 creatures vanquished.

Notes
Turn   | Place    | Note
-------+----------+-------------------------------------------
     0 | D        | rocky1 the Octopode Shapeshifter began the quest for the
                  | Orb.
     0 | D        | Reached XP level 1. HP: 13/13 MP: 1/1
   121 | D        | Noticed a black bear
   121 | D        | Noticed a jelly
   125 | D        | Reached skill level 4 in Shapeshifting
   125 | D        | Reached XP level 2. HP: 18/18 MP: 2/2
   126 | D        | Slain by an orc

Illustrated notes

Levels and vault maps discovered:
D:        linesprint [early_d, line_temple, items_1, d_10, items_2, lair_1,
          lair_end, items_3, orc_1, orc_end, items_4, d_15, swamp_1, shoals_1,
          snake_1, spider_1, d_20, vaults_1, items_5, swamp_end, shoals_end,
          snake_end, spider_end, vaults_end, d_27, items_6, zot_1, zot_end,
          crypt_end, forest_end, elf_end, slime_end, tomb_end, abyss_end,
          pan_hell_end]

Skill      XL: |  1 |
---------------+----+-----
Shapeshifting  | 4 |  4.2
Fighting       | |  1.0
Dodging        | |  2.4
Unarmed Combat | |  3.8

Action                     || total
---------------------------++-------
  Melee: Unarmed           ||    15
         Constrict         ||     5
         Tentacles         ||     3
    Use: Potion            ||     1
 Armour: Skin              ||     2
  Dodge: Dodged            ||    10

Table legend: (Time is in decaauts)
 A = Elapsed time spent in this place.
 B = Non-inter-level travel time spent in this place.
 C = Inter-level travel time spent in this place.
 D = Time resting spent in this place.
 E = Time spent auto-exploring this place.
 F = Levels seen in this place.
 G = Mean time per level.
                   A        B        C        D        E       F      G
               +--------+--------+--------+--------+--------+-----+--------+
         Total |    125 |    125 |      0 |    100 |      0 |   1 |  125.0 |
       Dungeon |    125 |    125 |      0 |    100 |      0 |   1 |  125.0 |
               +--------+--------+--------+--------+--------+-----+--------+

Top non-repeatable levels by time:
       D: 125 daAuts
